 Dungeon Crawl Stone Soup version 0.30-a0-4-ga7cffc901d (webtiles) character file.

Game seed: 12544288986097116146

121 Setbun the Cutter (level 5, -3/33 HPs)
             Began as a Kobold Berserker on Aug 20, 2022.
             Was a Believer of Trog.
             Slain by a goblin
             ... wielding a +0 dagger
             ... led by Robin
              (5 damage)
             ... on level 4 of the Dungeon.
             The game lasted 00:02:28 (3792 turns).

Setbun the Cutter (Kobold Berserker)                Turns: 3792, Time: 00:02:29

Health: -3/33      AC:  2    Str: 14    XL:     5   Next: 26%
Magic:  5/5        EV: 16    Int:  8    God:    Trog [**....]
Gold:   89         SH:  0    Dex: 17    Spells: 4/4 levels left

rFire   . . .      SeeInvis .    o - +2 dagger (holy)
rCold   . . .      Faith    .    (no shield)
rNeg    . . .      Spirit   .    b - +0 animal skin
rPois   .          Reflect  .    (no helmet)
rElec   .          Harm     .    (no cloak)
rCorr   .          Rampage  .    (no gloves)
Will    .....                    (no boots)
Stlth   +++.......               (no amulet)
HPRegen 0.11/turn                (no ring)
MPRegen 0.09/turn                (no ring)

@: on berserk cooldown, slowed, very slow
A: small, no large weapons, nightstalker 3
a: Renounce Religion, Berserk, Trog's Hand


You were on level 4 of the Dungeon.
You worshipped Trog.
Trog was pleased with you.
You visited 1 branch of the dungeon, and saw 4 of its levels.

You collected 89 gold pieces.

Inventory:

Hand Weapons
 a - a +0 short sword
 o - a +2 dagger of holy wrath (weapon)
Armour
 b - a +0 animal skin (worn)
Jewellery
 h - an amulet of the acrobat
Wands
 q - a wand of flame (18)
 r - a wand of roots (8)
Scrolls
 e - a scroll of vulnerability {unknown}
 f - 5 scrolls of amnesia {unknown}
 g - a scroll of poison {unknown}
 m - 2 scrolls of teleportation {unknown}
 n - a scroll of summoning {unknown}
Potions
 c - 2 potions of magic {unknown}
 d - a potion of berserk rage {unknown}
 i - 2 potions of attraction {unknown}
 j - a potion of lignification {unknown}
 k - a potion of brilliance {unknown}
 l - a potion of degeneration {unknown}
 p - 2 potions of curing {unknown}


   Skills:
 + Level 4.0 Fighting
 * Level 5.6 Short Blades
 - Level 1.5 Armour
 + Level 3.4 Dodging
 + Level 2.6 Stealth


You had 4 spell levels left.
You didn't know any spells.
Your spell library was empty.

Dungeon Overview and Level Annotations

Branches:
Dungeon (4/15)             Temple (0/1) D:4

Altars:
Kikubaaqudgha

Shops:
D:2 !

Annotations:
D:3 3 runed translucent doors
D:4 Robin


Innate Abilities, Weirdness & Mutations

You are small and have problems with some larger weapons.
You are completely attuned to the shadows.


Message History

You puncture the goblin!
You kill the goblin!
Trog accepts your kill. The hobgoblin hits you. The goblin barely misses you.
Items here: ))) †††.
You barely miss the goblin. You hit the goblin.
You kill the goblin!
Trog accepts your kill. The hobgoblin hits you.
You puncture the hobgoblin!
You kill the hobgoblin!
Trog accepts your kill.
You feel a strong urge to attack something.
The hobgoblin no longer looks unusually strong.
Robin says, "Bow before me, strongest of all the hobgoblins!"
You are no longer berserk.
You are exhausted.
You feel yourself slow down. Robin throws the goblin at you!
The goblin hits you with a +0 dagger. The goblin attacks as you move away!
The goblin hits you with a +0 dagger.
Robin roars a battlecry!
The hobgoblin goes into a battle-frenzy!
The goblin hits you with a +0 dagger.
* * * LOW HITPOINT WARNING * * *
The hobgoblin attacks as you move away! The hobgoblin barely misses you.
The goblin no longer looks unusually strong.
The hobgoblin closely misses you. The goblin hits you but does no damage.
The hobgoblin hits you.
* * * LOW HITPOINT WARNING * * *
The goblin attacks as you move away! The goblin misses you.
Robin roars a battlecry!
The goblin goes into a battle-frenzy!
The goblin hits you with a +0 dagger.
* * * LOW HITPOINT WARNING * * *
The goblin attacks as you move away! The goblin barely misses you.
The goblin closely misses you. The goblin attacks as you move away!
The goblin hits you with a +0 dagger.
You die...

....?#.....##
###...#.#.#..####
#"............###
.....#.#.#......#
.#.......#....#
.#.>g#...#...
.....gg#.....
..#.#.#g...#.#
####......@.....#
.....#.#..#.###.
#............
####.#.#.#......
#........#.#####
#........#<.#
#.)......^..#
..............
.........#.#.##


You could see Robin, a gnoll, a hobgoblin (strong) and a goblin (strong).

Vanquished Creatures
  Ijyb (D:3)
  2 adders
  2 worms
  2 dart slugs
  An orc (D:3)
  5 ball pythons
  4 endoplasms
  A giant cockroach (D:1)
  11 goblins
  11 hobgoblins
  4 jackals
  2 kobolds
  4 quokkas
  4 bats
  A frilled lizard (D:1)
  3 rats
58 creatures vanquished.

Notes
Turn   | Place    | Note
-------+----------+-------------------------------------------
     0 | D:1      | Setbun the Kobold Berserker began the quest for the Orb.
     0 | D:1      | Reached XP level 1. HP: 14/14 MP: 1/1
   271 | D:1      | Reached XP level 2. HP: 19/19 MP: 2/2
   301 | D:1      | Reached skill level 1 in Stealth
   815 | D:1      | Found a faded altar of an unknown god.
  1080 | D:1      | Reached XP level 3. HP: 23/23 MP: 3/3
  1723 | D:2      | Found Tuhyfad's Distillery.
  2292 | D:2      | Found an ancient bone altar of Kikubaaqudgha.
  2852 | D:3      | Reached skill level 5 in Short Blades
  2858 | D:3      | Found a runed translucent gate.
  2858 | D:3      | Found a runed translucent gate.
  2859 | D:3      | Found a runed translucent gate.
  2864 | D:3      | Reached XP level 4. HP: 28/29 MP: 4/4
  2966 | D:3      | Noticed Ijyb
  2980 | D:3      | Killed Ijyb
  3718 | D:4      | Reached XP level 5. HP: 33/33 MP: 5/5
  3728 | D:4      | Reached ** piety under Trog
  3740 | D:4      | Found a staircase to the Ecumenical Temple.
  3759 | D:4      | Noticed Robin
  3792 | D:4      | Slain by a goblin

Illustrated notes

Levels and vault maps discovered:
D:1:      sevenhm_arrival_forest_fort_large_2, layout_basic,
          dreamdust_ecumenical_altar_statues
D:2:      layout_basic, serial_shops, shop, basic_altar
D:3:      layout_basic, gammafunk_ghost_necromancy, corexii_corridor_pit,
          uniq_ijyb
D:4:      layout_rooms, grunt_temple_overflow_forces_of_nature,
          minmay_temple_entry_sparse_star, nrook_mini_vaults,
          amcnicky_mini_corridor_feature, uniq_robin

Skill      XL: |  1  2  3  4  5 |
---------------+----------------+-----
Stealth        | 1 2 |  2.6
Dodging        | 3 |  3.4
Short Blades   | 5 |  5.6
Fighting       | 4 |  4.0
Armour         | |  1.5

Action                   |  1- 3 |  4- 6 || total
-------------------------+-------+-------++-------
Melee: Short sword       |   130 |       ||   130
       Punch             |     2 |       ||     2
       Dagger            |    15 |    42 ||    57
Invok: Berserk           |     1 |     2 ||     3
 Stab: Sleeping          |    15 |    11 ||    26
       Distracted        |     1 |       ||     1
Armor: Animal skin       |    19 |     1 ||    20
Dodge: Dodged            |   112 |    24 ||   136

Table legend: (Time is in decaauts)
 A = Elapsed time spent in this place.
 B = Non-inter-level travel time spent in this place.
 C = Inter-level travel time spent in this place.
 D = Time resting spent in this place.
 E = Time spent auto-exploring this place.
 F = Levels seen in this place.
 G = Mean time per level.
                   A        B        C        D        E       F      G
               +--------+--------+--------+--------+--------+-----+--------+
         Total |   3780 |   3607 |    173 |    594 |   2617 |   4 |  945.0 |
       Dungeon |   3780 |   3607 |    173 |    594 |   2617 |   4 |  945.0 |
               +--------+--------+--------+--------+--------+-----+--------+

Top non-repeatable levels by time:
     D:1: 1558 daAuts
     D:2: 1142 daAuts
     D:3: 1007 daAuts
     D:4: 71 daAuts
